 Dungeon Crawl Stone Soup version 0.29.1-1-gd02db6906a (webtiles) character file.

Game seed: 167519676625775061

113 lonewolfV2 the Chopper (level 4, 0/37 HPs)
             Began as a Demonspawn Berserker on Oct 15, 2022.
             Was a Believer of Trog.
             Killed by divine providence
             ... invoked by an orc priest
              (10 damage)
             ... on level 3 of the Dungeon.
             The game lasted 00:03:00 (1988 turns).

lonewolfV2 the Chopper (Demonspawn Berserker)       Turns: 1988, Time: 00:03:01

Health: 0/37       AC:  3    Str: 19    XL:     4   Next: 65%
Magic:  4/4        EV: 12    Int:  8    God:    Trog [**....]
Gold:   81         SH:  0    Dex: 13    Spells: 3/3 levels left

rFire   . . .      SeeInvis .   a - +0 hand axe (venom)
rCold   . . .      Faith    .   (no shield)
rNeg    . . .      Spirit   .   b - +1 animal skin
rPois   .          Reflect  .   (no helmet)
rElec   .          Harm     .   (no cloak)
rCorr   .          Rampage  .   (no gloves)
Will    .....                   (no boots)
Stlth   ++........              (no amulet)
HPRegen 0.12/turn               (no ring)
MPRegen 0.09/turn               (no ring)

@: no status effects
A: hooves 1, powered by pain 1
a: Renounce Religion, Berserk, Trog's Hand


You were on level 3 of the Dungeon.
You worshipped Trog.
Trog was pleased with you.
You visited 1 branch of the dungeon, and saw 3 of its levels.

You collected 81 gold pieces.

Inventory:

Hand Weapons
 a - a +0 hand axe of venom (weapon)
Armour
 b - a +1 animal skin (worn)
Wands
 h - a wand of paralysis (2)
Scrolls
 e - 2 scrolls of vulnerability
 i - a scroll of fear
Potions
 c - a potion of lignification {unknown}
 d - a potion of curing
 f - a potion of magic {unknown}
 g - a potion of berserk rage {unknown}
 j - a potion of brilliance {unknown}
 k - a potion of cancellation
 l - a potion of ambrosia {unknown}


   Skills:
 + Level 3.7 Fighting
 + Level 4.0 Axes
 + Level 2.0 Armour
 + Level 2.2 Dodging
 + Level 1.0 Stealth


You had 3 spell levels left.
You didn't know any spells.
Your spell library was empty.

Dungeon Overview and Level Annotations

Branches:
Dungeon (3/15)

Altars:


Innate Abilities, Weirdness & Mutations

You have large cloven feet.
You sometimes gain a little power by taking damage.


Message History

Unknown command.
The orc priest shouts! x2
The orc priest calls down the wrath of Beogh upon you.
Beogh smites you!
* * * LOW HITPOINT WARNING * * *
The orc priest miscasts a cantrip.
You hear a shout!
The orc priest miscasts a cantrip.
You see here a +0 robe.
Things that are here:
a +0 dagger; a +0 leather armour You feel better.
It was a potion of cancellation.
You feel magically purged.
The orc priest casts a cantrip, but nothing happens.
The orc priest looks encouraged for a moment.
You see here a +0 robe.
You closely miss the orc. You kick the orc.
The orc is severely wounded.
You closely miss the orc. Your kick misses the orc.
The orc is severely wounded.
The orc hits you with a +0 club.
* * * LOW HITPOINT WARNING * * *
You slash the orc!
You kill the orc!
Trog accepts your kill.
Your Stealth skill increases to level 1!
The orc priest hits you with a +0 dagger.
* * * LOW HITPOINT WARNING * * *
The orc priest hits you but does no damage.
Things that are here:
a +0 club; an orc corpse You barely miss the orc priest.
You hit the orc priest.
The orc priest is poisoned.
The orc priest hits you with a +0 flail.
* * * LOW HITPOINT WARNING * * *
The orc priest closely misses you.
You feel better. The orc priest closely misses you.
The orc priest mumbles some strange prayers to Beogh against you.
Beogh smites you!
You die...

..#.##.#.##.#..# .
.............#
..##.#.#.#..# .#
........<...##.#
................
#.##.##.##..#!##
#......†....#.#
#.?#.##.##.o#.###.###
#......)[@o.......
#.......#####.###.##.
#.......# #.#
#..#.##.# #.# #....
..# ... #.## #$# ...
# #.# .... #.# .....


You could see 2 orc priests.

Vanquished Creatures
  An orc priest (D:3)
  4 adders (D:2)
  2 worms
  A dart slug (D:1)
  An orc (D:3)
  3 endoplasms
  5 giant cockroaches
  2 goblins
  3 hobgoblins
  2 jackals (D:1)
  4 ball pythons
  2 bats
  A frilled lizard (D:1)
  7 kobolds
  5 rats
43 creatures vanquished.

Notes
Turn   | Place    | Note
-------+----------+-------------------------------------------
     0 | D:1      | lonewolfV2 the Demonspawn Berserker began the quest for the
                  | Orb.
     0 | D:1      | Reached XP level 1. HP: 18/18 MP: 1/1
   288 | D:1      | Found a faded altar of an unknown god.
   503 | D:1      | Gained mutation: You have large cloven feet. [demonic
                  | ancestry]
   503 | D:1      | Reached XP level 2. HP: 15/24 MP: 2/2
   986 | D:2      | Reached skill level 3 in Axes
   989 | D:2      | Gained mutation: You sometimes gain a little power by
                  | taking damage. [demonic ancestry]
   989 | D:2      | Reached XP level 3. HP: 18/29 MP: 3/3
  1210 | D:2      | Reached ** piety under Trog
  1551 | D:2      | Reached XP level 4. HP: 36/36 MP: 4/4
  1973 | D:3      | Reached skill level 4 in Axes
  1975 | D:3      | HP: 1/37 [orc priest/divine providence (16)]
  1986 | D:3      | Reached skill level 1 in Stealth
  1988 | D:3      | Killed from afar by an orc priest

Illustrated notes

Levels and vault maps discovered:
D:1:      minmay_arrival_diagonal_passages, layout_basic,
          hellmonk_ecumenical_altar_pennies_from_heaven
D:2:      layout_rooms, kennysheep_generic_room_9
D:3:      layout_loops_cross, nicolae_overflow_crystal_walls,
          grunt_temple_overflow_open

Skill      XL: |  1  2  3  4 |
---------------+-------------+-----
Armour         | 2 |  2.0
Axes           | 3 4 |  4.0
Dodging        | 2 |  2.2
Stealth        | 1 |  1.0
Fighting       | |  3.7

Action                   |  1- 3 |  4- 6 || total
-------------------------+-------+-------++-------
Melee: Hand axe          |    70 |    19 ||    89
       Kick              |    13 |     4 ||    17
  Use: Scroll            |     9 |     2 ||    11
       Potion            |       |     3 ||     3
 Stab: Sleeping          |     1 |       ||     1
Armor: Animal skin       |    18 |     4 ||    22
Dodge: Dodged            |    83 |     7 ||    90
